Map: Snowy Mesa

Players

Gracz

  • Race: Zerg Zerg
  • League: Silver

HAJPER

  • Race: Zerg Zerg

Artas

  • Race: Protoss Protoss

sydney

  • Race: Zerg Zerg

VOD

Have the link to the VOD?

Description

Time

  • Played on: Nov. 5, 2016, 10:26 a.m.
  • Length: 14:02
Show
View Real Time Build Order
Export as new Build Order

Gracz Zerg 

Build Orders: Hatch First 

Get SALT Encoding   

  12  0:01  Drone  
  13  0:19  Drone  
  14  0:40  Overlord x2  
  14  1:17  Unknown, Drone x3, Hatchery  
  16  1:33  Spawning Pool  
  16  1:35  Extractor, Drone  
  15  1:55  Drone x2  
  17  2:03  Drone  
  18  2:15  Drone  
  19  2:28  Unknown  
  19  2:31  Queen x2  
  19  2:33  Drone  
  19  2:34  Drone x2  
  26  2:42  Extractor  
  26  2:43  Drone x2  
  27  3:03  Drone  
  27  3:04  Drone x2  
  30  3:18  Lair  
  30  3:21  Pneumatized Carapace  
  30  3:35  Drone x6  
  36  3:44  Overlord x2  
  36  3:52  Metabolic Boost  
  36  4:01  Extractor  
  36  4:02  Extractor  
  34  4:14  Drone x5  
  34  4:15  Overlord x2, Drone x5  
  44  4:23  Spire  
  43  4:28  Overlord  
  43  4:29  Overlord  
  43  4:54  Infestation Pit  
  43  4:57  Evolution Chamber  
  41  5:02  Evolution Chamber  
  41  5:05  Hydralisk Den  
  39  5:08  Queen  
  41  5:20  Drone  
  41  5:21  Drone x6  
  48  5:36  Zerg Melee Weapons Level 1  
  48  5:41  Evolution Chamber  
  47  5:52  Zerg Flyer Weapons Level 1  
  47  5:53  Corruptor x3  
  47  5:54  Corruptor x2  
  57  6:08  Zerg Ground Armor Level 1  
  57  6:20  Lurker Den  
  57  6:29  Drone x2  
  57  6:30  Drone x2  
  61  6:36  Hive  
  61  6:54  Unknown, Hatchery  
  60  7:01  Zerg Missile Weapons Level 1  
  60  7:11  Roach Warren  
  60  7:14  Baneling Nest  
  58  7:25  Unknown, Hatchery  
  57  7:42  Unknown, Hatchery  
  56  7:50  Adrenal Glands  
  56  7:51  Glial Reconstitution  
  56  7:53  Roach x5, Zergling x2  
  56  7:54  Zergling x2  
  56  7:58  Overlord x3  
  68  8:03  Muscular Augments  
  68  8:04  Zerg Melee Weapons Level 2  
  68  8:06  Unknown  
  68  8:24  Drone  
  68  8:25  Drone x17  
  86  8:33  Queen  
  88  8:34  Queen  
  88  8:36  Unknown  
  88  8:38  Centrifical Hooks  
  90  8:45  Zerg Ground Armor Level 2  
  90  8:53  Unknown  
  90  9:09  Drone x7  
  100  9:10  Drone x4  
  101  9:19  Zerg Missile Weapons Level 2  
  101  9:21  Hydralisk  
  101  9:22  Hydralisk x3  
  109  9:24  Overlord x4  
  109  9:25  Overlord  
  109  9:29  Overlord x2  
  109  9:32  Extractor  
  109  9:34  Extractor  
  109  9:37  Extractor  
  106  9:39  Extractor  
  105  9:55  Greater Spire  
  105  10:00  Ultralisk Cavern  
  105  10:04  Roach x2  
  105  10:05  Roach, Hydralisk x3  
  116  10:10  Zergling x26  
  116  10:11  Zergling x14  
  136  10:22  Overlord x3  
  136  10:41  Drone  
  136  10:42  Drone x8  
  145  10:52  Chitinous Plating  
  145  11:04  Zergling x12  
  148  11:05  Zergling x4  
  148  11:06  Hydralisk x2  
  148  11:07  Ultralisk x2  
  169  11:14  Lurker x2  
  171  11:18  Queen  
  171  11:23  Overlord x2  
  171  11:24  Overlord x2  
  173  11:30  Overseer x3  
  173  11:56  Spire  
  172  12:05  Corruptor x2  
  176  12:21  Roach x3, Corruptor x2  
  176  12:22  Hydralisk  
  168  12:33  Corruptor  
  168  12:34  Corruptor  
  159  12:41  Hydralisk x4  
  94  13:15  Zergling x2, Ultralisk x3  
  94  13:19  Overlord x4  
Show
View Real Time Build Order
Export as new Build Order

HAJPER Zerg 

Build Orders: Pool First 

Get SALT Encoding   

  12  0:01  Drone  
  13  0:13  Overlord  
  13  0:28  Drone  
  14  0:34  Extractor  
  13  0:37  Spawning Pool  
  12  0:44  Drone  
  12  0:46  Drone  
  14  1:02  Drone x2  
  16  1:30  Unknown, Hatchery  
  15  1:36  Queen, Drone  
  18  1:48  Metabolic Boost  
  18  2:01  Drone  
  19  2:11  Drone  
  19  2:12  Zergling x2  
  19  2:15  Overlord  
  21  2:41  Unknown  
  21  2:46  Drone  
  23  2:51  Zergling x6  
  23  2:52  Zergling x2, Drone  
  23  2:53  Drone  
  28  3:09  Queen  
  28  3:10  Drone x2  
  32  3:31  Overlord x2  
  32  3:34  Overlord  
  32  3:50  Drone x3  
  35  4:03  Extractor  
  34  4:10  Roach Warren  
  33  4:19  Evolution Chamber  
  33  4:22  Drone  
  33  4:25  Lair  
  33  4:40  Drone  
  33  4:41  Drone x3  
  33  4:44  Unknown, Hatchery  
  36  4:50  Zerg Missile Weapons Level 1  
  36  4:52  Zergling x2  
  37  4:53  Roach  
  39  5:07  Roach x2, Zergling x2  
  40  5:08  Roach x2  
  48  5:26  Overlord, Drone x2  
  50  5:30  Roach  
  50  5:31  Overlord  
  50  5:32  Overlord  
  52  5:46  Roach x4  
  60  5:55  Unknown  
  60  5:57  Overlord x2  
  60  6:28  Roach x2  
  60  6:29  Roach x4  
  72  6:40  Extractor  
  72  6:42  Extractor  
  72  6:43  Drone  
  72  6:44  Drone x3  
  74  6:51  Queen  
  76  6:57  Drone  
  77  7:05  Roach x5  
  77  7:06  Roach  
  77  7:07  Overlord  
  89  7:24  Spire  
  89  7:26  Drone x2  
  90  7:34  Roach x3  
  90  7:35  Queen  
  98  7:37  Drone  
  98  7:41  Glial Reconstitution  
  99  7:47  Zerg Missile Weapons Level 2  
  99  7:53  Drone x3  
  102  8:04  Drone  
  102  8:05  Drone x3  
  106  8:07  Overlord  
  106  8:16  Overlord x2  
  106  8:30  Roach x3  
  112  8:38  Mutalisk x3  
  112  8:39  Mutalisk  
  112  8:41  Drone  
  121  8:47  Drone x2  
  121  8:48  Drone  
  124  9:17  Drone  
  124  9:18  Drone x3  
  124  9:19  Overlord  
  124  9:23  Mutalisk  
  130  9:25  Overlord x2  
  130  9:26  Overlord x3  
  130  9:27  Overlord x4  
  130  9:28  Overlord  
  130  9:51  Zerg Flyer Weapons Level 1  
  130  9:58  Mutalisk x3  
  136  10:00  Mutalisk  
  136  10:01  Roach x2  
  142  10:08  Drone x4  
  142  10:09  Drone  
  142  10:11  Extractor  
  142  10:13  Extractor  
  145  10:52  Roach x3  
  145  10:53  Roach x3  
  145  10:56  Roach x3  
  163  11:01  Roach  
  163  11:02  Roach x6  
  163  11:03  Roach  
  179  11:43  Mutalisk x3  
  179  11:46  Mutalisk x3  
  191  11:50  Mutalisk x3  
  191  11:53  Roach  
  86  12:49  Mutalisk x5  
  86  12:50  Mutalisk  
  96  13:06  Mutalisk x2  
  96  13:08  Roach x2  
Show
View Real Time Build Order
Export as new Build Order

Artas Protoss 

Build Orders:  

Get SALT Encoding   

  12  0:01  Probe (Chrono Boost)  
  13  0:14  Pylon  
  13  0:18  Probe (Chrono Boost)  
  15  0:35  Probe (Chrono Boost)  
  15  0:40  Gateway  
  15  0:46  Probe (Chrono Boost)  
  16  0:53  Pylon  
  16  0:56  Probe (Chrono Boost)  
  17  0:59  Assimilator  
  17  1:07  Probe (Chrono Boost)  
  18  1:17  Probe (Chrono Boost)  
  19  1:28  Assimilator, Probe (Chrono Boost)  
  20  1:35  Cybernetics Core  
  20  1:36  Zealot  
  20  1:39  Probe (Chrono Boost)  
  23  1:49  Probe (Chrono Boost)  
  24  2:03  Unknown, Nexus  
  24  2:10  Probe (Chrono Boost)  
  25  2:18  Stargate  
  25  2:20  Protoss Air Weapons Level 1  
  25  2:51  Stalker  
  27  2:57  Assimilator  
  27  3:01  Assimilator  
  27  3:12  Void Ray  
  31  3:15  Unknown  
  31  3:22  Probe (Chrono Boost)  
  32  3:32  Probe (Chrono Boost)  
  33  3:43  Probe (Chrono Boost)  
  34  3:52  Pylon  
  34  3:53  Probe (Chrono Boost)  
  35  3:56  Pylon  
  35  3:59  Stargate  
  35  4:04  Probe (Chrono Boost)  
  36  4:14  Probe (Chrono Boost)  
  37  4:18  Void Ray  
  37  4:19  Protoss Air Armor Level 1  
  41  4:25  Probe (Chrono Boost)  
  43  4:31  Probe (Chrono Boost)  
  43  4:35  Probe (Chrono Boost)  
  44  4:46  Probe (Chrono Boost)  
  45  4:57  Probe (Chrono Boost), Void Ray  
  50  5:05  Void Ray  
  54  5:28  Stargate  
  54  5:39  Fleet Beacon  
  54  5:43  Probe (Chrono Boost)  
  55  5:51  Void Ray  
  55  5:54  Probe (Chrono Boost)  
  60  5:59  Pylon  
  60  6:02  Pylon  
  60  6:04  Probe (Chrono Boost)  
  60  6:05  Pylon  
  60  6:10  Pylon  
  61  6:15  Probe (Chrono Boost)  
  61  6:16  Protoss Air Weapons Level 2  
  62  6:23  Void Ray x2  
  71  6:25  Probe (Chrono Boost)  
  71  6:34  Void Ray  
  75  6:50  Probe (Chrono Boost)  
  76  7:00  Probe (Chrono Boost)  
  77  7:04  Void Ray  
  77  7:06  Void Ray  
  85  7:11  Probe (Chrono Boost)  
  86  7:17  Void Ray  
  86  7:21  Probe (Chrono Boost)  
  91  7:33  Probe (Chrono Boost)  
  92  7:40  Pylon  
  92  7:42  Pylon  
  92  7:44  Pylon  
  92  7:48  Pylon x2  
  92  7:52  Pylon  
  92  7:53  Void Ray  
  92  7:55  Pylon  
  92  7:58  Pylon  
  92  8:02  Pylon  
  96  8:07  Void Ray  
  100  8:13  Void Ray  
  100  8:14  Protoss Air Armor Level 2  
  104  8:30  Void Ray  
  108  8:50  Void Ray  
  112  8:56  Void Ray  
  116  9:07  Void Ray  
  120  9:32  Void Ray  
  124  9:43  Unknown, Nexus  
  124  9:47  Assimilator  
  124  9:48  Assimilator, Void Ray  
  124  9:54  Void Ray  
  132  10:10  Protoss Air Weapons Level 3  
  132  10:15  Void Ray  
  136  10:24  Cybernetics Core  
  136  10:37  Void Ray  
  136  10:43  Void Ray  
  144  10:52  Protoss Air Armor Level 3  
  144  10:54  Unknown  
  144  10:58  Void Ray  
  148  11:20  Void Ray  
  152  11:25  Void Ray  
  156  11:41  Void Ray  
  160  12:03  Void Ray  
  164  12:08  Void Ray  
Show
View Real Time Build Order
Export as new Build Order

sydney Zerg 

Build Orders: Pool First 

Get SALT Encoding   

  12  0:03  Drone  
  13  0:09  Drone  
  14  0:55  Spawning Pool  
  14  0:56  Overlord  
  13  1:03  Drone  
  14  1:19  Drone x2  
  14  1:24  Extractor, Unknown, Drone, Hatchery  
  15  1:34  Drone  
  16  1:45  Queen  
  18  1:49  Drone  
  19  1:58  Drone  
  20  2:17  Unknown, Drone x2, Hatchery  
  21  2:31  Drone  
  21  2:35  Unknown, Queen  
  24  2:37  Drone  
  24  2:43  Drone  
  26  2:49  Extractor  
  25  2:55  Roach Warren  
  24  2:59  Evolution Chamber  
  24  3:03  Drone x2  
  25  3:15  Drone x3  
  25  3:16  Overlord  
  28  3:29  Unknown  
  28  3:34  Extractor, Drone x3  
  31  3:37  Drone  
  31  3:52  Zerg Missile Weapons Level 1  
  31  3:54  Lair  
  31  4:01  Drone x2  
  33  4:05  Overlord  
  33  4:06  Overlord  
  33  4:11  Drone  
  33  4:12  Drone  
  35  4:20  Spore Crawler  
  35  4:21  Drone  
  35  4:25  Drone x2  
  35  4:29  Drone  
  38  4:39  Drone x2  
  38  4:43  Spore Crawler  
  38  4:45  Queen  
  41  4:57  Drone x2  
  43  5:03  Extractor  
  43  5:06  Drone x6  
  48  5:13  Extractor  
  47  5:21  Spine Crawler  
  47  5:28  Overlord x5  
  46  5:34  Drone x3  
  49  5:43  Drone x4  
  49  5:49  Zerg Missile Weapons Level 2  
  53  5:54  Roach x3  
  59  5:58  Roach  
  59  6:04  Extractor  
  60  6:05  Drone  
  61  6:11  Drone x2  
  61  6:12  Drone x2  
  65  6:19  Drone x3  
  68  6:35  Roach x5  
  78  6:42  Queen  
  78  6:43  Queen  
  84  6:47  Roach  
  84  6:51  Roach x3  
  90  7:09  Overlord  
  90  7:10  Overlord x3  
  90  7:23  Unknown, Hatchery  
  90  7:26  Drone  
  90  7:35  Roach x3  
  90  7:36  Roach x2  
  100  7:53  Glial Reconstitution  
  100  7:56  Roach x5  
  110  8:04  Drone x2  
  110  8:05  Zerg Ground Armor Level 1  
  112  8:06  Roach x3  
  112  8:07  Roach x2  
  122  8:19  Overlord x2  
  122  8:24  Overlord x2  
  122  8:34  Ravager, Unknown  
  122  8:35  Ravager x5  
  122  8:40  Drone  
  129  8:42  Queen  
  131  8:52  Roach x4  
  139  9:06  Drone x2  
  139  9:09  Drone x4  
  146  9:10  Drone x2  
  146  9:15  Spore Crawler  
  146  9:27  Drone x5  
  146  9:28  Unknown, Hatchery  
  150  9:41  Ravager x2  
  150  9:42  Ravager x5  
  157  9:46  Roach  
  157  9:50  Overlord x3  
  159  10:00  Spire  
  159  10:03  Drone x2  
  160  10:09  Extractor x2  
  160  10:13  Drone  
  159  10:19  Overlord x3  
  159  10:26  Spire  
  158  10:40  Unknown  
  158  10:47  Drone  
  159  10:53  Drone  
  159  10:55  Drone  
  159  10:56  Drone x4  
  165  11:06  Extractor  
  164  11:12  Spore Crawler  
  165  11:30  Mutalisk x6  
  175  11:34  Mutalisk x6  
  175  11:38  Mutalisk x4  
  175  11:39  Mutalisk x2  
  199  11:44  Zerg Flyer Weapons Level 1  
  199  11:45  Zerg Flyer Armor Level 1  
  199  11:57  Drone  
  200  12:10  Extractor  
  185  13:27  Unknown, Hatchery  
  185  13:33  Mutalisk x6  
  196  13:36  Mutalisk x2  
  196  13:37  Mutalisk  
  197  13:56  Unknown, Hatchery  
Tags
 
Add a new tag
Caveats
  • Supply blocks, unpowered buildings, or Contaminate may cause inaccurate times.
  • Supply counts are checked every 10 seconds.